TOP OF THE 1ST |
Moose Jaw Ghostbusters batting - Pitching for La Crosse Loggers : RHP Ray Adams
|
Pitching: RHP Ray Adams
|
|
Batting: RHB Manuel Pérez
|
0-0: Foul Ball, location: 2F 0-1: Swinging Strike 0-2: Ball 1-2: Strikes out swinging
|
Batting: RHB Billy Mullins
|
0-0: Called Strike 0-1: Foul Ball, location: 2F 0-2: Strikes out swinging
|
Batting: RHB John Major
|
0-0: Ball 1-0: Foul Ball, location: 2F 1-1: Ball 2-1: Ball 3-1: Base on Balls
|
Batting: RHB Don Hooper
|
0-0: Called Strike 0-1: Called Strike 0-2: Ball 1-2: Ball 2-2: Foul Ball, location: 2F 2-2: Strikes out looking
|
Top of the 1st over - 0 run(s), 0 hit(s), 0 error(s), 1 left on base; Moose Jaw 0 - La Crosse 0 |
BOTTOM OF THE 1ST |
La Crosse Loggers batting - Pitching for Moose Jaw Ghostbusters : LHP Jon Vaughn
|
Pitching: LHP Jon Vaughn
|
|
Batting: RHB Aurelio Cruz
|
0-0: Foul Ball, location: 2F 0-1: SINGLE (Line Drive, 5)
|
Batting: SHB Dave Henley
|
0-0: Ball 1-0: Ball 2-0: Ground out U3 (Groundball, 34S) Aurelio Cruz to second
|
Batting: LHB Ramón Morales
|
0-0: Called Strike 0-1: Foul Ball, location: 2F 0-2: Ball 1-2: Foul Ball, location: 2F 1-2: Ball 2-2: Ground out 4-3 (Groundball, 4S) Aurelio Cruz to third
|
Batting: RHB Danny Campbell
|
0-0: Called Strike 0-1: Foul Ball, location: 2F 0-2: Ball 1-2: Foul Ball, location: 2F 1-2: Ball 2-2: Foul Ball, location: 2F 2-2: Foul Ball, location: 2F 2-2: SINGLE (Flyball, 9LS) Aurelio Cruz scores
|
Batting: LHB Jeff Forsyth
|
0-0: Ball 1-0: Foul Ball, location: 2F 1-1: Swinging Strike 1-2: SINGLE (Flyball, 8LS) Danny Campbell to second
|
Batting: RHB Troy Reed
|
0-0: SINGLE (Line Drive, 34) Danny Campbell to third Jeff Forsyth to second Runner from 3rd tries for Home, SAFE, no throw
|
Batting: SHB José González
|
0-0: Called Strike 0-1: Called Strike 0-2: Foul Ball, location: 2F 0-2: Foul Ball, location: 2F 0-2: Ball 1-2: Fielders Choice at 2nd, 5-4 (Groundball, 56)
|
Bottom of the 1st over - 2 run(s), 4 hit(s), 0 error(s), 1 left on base; Moose Jaw 0 - La Crosse 2 |
TOP OF THE 2ND |
Moose Jaw Ghostbusters batting - Pitching for La Crosse Loggers : RHP Ray Adams
|
Batting: LHB Will Vale
|
0-0: Foul Ball, location: 2F 0-1: Ball 1-1: Foul Ball, location: 2F 1-2: Ground out U3 (Groundball, 3L)
|
Batting: RHB Juan Vázquez
|
0-0: Called Strike 0-1: Ball 1-1: Swinging Strike 1-2: Ball 2-2: Ground out 5-3 (Groundball, 56S)
|
Batting: LHB Dave Stewart
|
0-0: Ball 1-0: Ball 2-0: Foul Ball, location: 2F 2-1: Called Strike 2-2: Ball 3-2: Foul Ball, location: 2F 3-2: Fly out, F6 (Popup, 6D)
|
Top of the 2nd over - 0 run(s), 0 hit(s), 0 error(s), 0 left on base; Moose Jaw 0 - La Crosse 2 |
BOTTOM OF THE 2ND |
La Crosse Loggers batting - Pitching for Moose Jaw Ghostbusters : LHP Jon Vaughn
|
Batting: RHB Juan García
|
0-0: Called Strike 0-1: Called Strike 0-2: SINGLE (Groundball, 6MD)
|
Batting: RHB Robert Acosta
|
0-0: Ball 1-0: Ball Wild Pitch! Juan García to second 2-0: Ball 3-0: Base on Balls
|
Batting: RHB Aurelio Cruz
|
0-0: Ball 1-0: Ball 2-0: Ball 3-0: Base on Balls Juan García to third Robert Acosta to second
|
Batting: SHB Dave Henley
|
0-0: Fly out, F9 (Flyball, 9) Runner from 3rd tags up, SCORES, throw made
|
Batting: LHB Ramón Morales
|
0-0: Ball 1-0: Foul Ball, location: 2F 1-1: Ball Robert Acosta steals 3rd base Aurelio Cruz to second 2-1: Ball 3-1: Called Strike 3-2: Foul Ball, location: 2F 3-2: DOUBLE (Line Drive, 8LM) Robert Acosta scores Aurelio Cruz scores
|
Batting: RHB Danny Campbell
|
0-0: Ball 1-0: Ball 2-0: Swinging Strike 2-1: Swinging Strike 2-2: Strikes out looking
|
Batting: LHB Jeff Forsyth
|
0-0: Called Strike Ramón Morales steals 3rd base 0-1: Ball 1-1: Ball 2-1: Foul Ball, location: 2F 2-2: SINGLE (Groundball, 6MD) Ramón Morales scores
|
Pitching: RHP José Estrada
|
|
Batting: RHB Troy Reed
|
0-0: Called Strike 0-1: TRIPLE (Flyball, 89D) Jeff Forsyth scores
|
Batting: SHB José González
|
0-0: Foul Ball, location: 2F 0-1: Ball 1-1: Called Strike 1-2: Ball 2-2: Ground out 6-3 (Groundball, 6)
|
Bottom of the 2nd over - 5 run(s), 4 hit(s), 0 error(s), 1 left on base; Moose Jaw 0 - La Crosse 7 |
TOP OF THE 3RD |
Moose Jaw Ghostbusters batting - Pitching for La Crosse Loggers : RHP Ray Adams
|
Batting: SHB Martín Cruz
|
0-0: Ball 1-0: Ball 2-0: Called Strike 2-1: Ball 3-1: Base on Balls
|
Batting: RHB Andrew Weatherly
|
0-0: Called Strike 0-1: Called Strike Martín Cruz steals 2nd base 0-2: SINGLE (Groundball, 56D) Martín Cruz to third
|
Pitching: RHP Willie Alexander
|
|
Batting: RHB Manuel Pérez
|
0-0: Ball 1-0: Called Strike 1-1: SINGLE (Groundball, 56D) Martín Cruz scores Andrew Weatherly to second
|
Batting: RHB Billy Mullins
|
0-0: Ball 1-0: Swinging Strike 1-1: Foul Ball, location: 2F 1-2: Foul Ball, location: 2F 1-2: Ball 2-2: Ball 3-2: Base on Balls Andrew Weatherly to third Manuel Pérez to second
|
Batting: RHB John Major
|
0-0: SINGLE (Groundball, 4D) Andrew Weatherly scores Manuel Pérez to third Billy Mullins to second
|
Batting: RHB Don Hooper
|
0-0: Ball 1-0: Ball 2-0: Called Strike 2-1: Grounds into fielders choice 1-2 (Groundball, 15S) Billy Mullins to third John Major to second
|
Batting: LHB Will Vale
|
0-0: Foul Ball, location: 2F 0-1: Swinging Strike 0-2: Ball 1-2: Ball 2-2: Ball Balk! Billy Mullins scores John Major to third Don Hooper to second 3-2: Base on Balls
|
Batting: RHB Juan Vázquez
|
0-0: Ball 1-0: Ball 2-0: Ball 3-0: Base on Balls John Major scores Don Hooper to third Will Vale to second
|
Batting: LHB Dave Stewart
|
0-0: Ball 1-0: Ball 2-0: Ball 3-0: Called Strike 3-1: Base on Balls Don Hooper scores Will Vale to third Juan Vázquez to second
|
Pitching: LHP Luis Alemán
|
|
Batting: SHB Martín Cruz
|
0-0: Fly out, F8 (Flyball, 89S)
|
Batting: RHB Andrew Weatherly
|
0-0: Ball 1-0: Foul Ball, location: 2F 1-1: Hit by Pitch Will Vale scores Juan Vázquez to third Dave Stewart to second
|
Batting: RHB Manuel Pérez
|
0-0: Swinging Strike 0-1: Ball 1-1: Ball 2-1: SINGLE (Line Drive, 56D) Juan Vázquez scores Dave Stewart to third Andrew Weatherly to second
|
Batting: RHB Billy Mullins
|
0-0: Ball 1-0: Called Strike 1-1: Called Strike 1-2: Ball 2-2: SINGLE (Groundball, 4MD) Dave Stewart scores Andrew Weatherly to third Manuel Pérez to second Runner from 3rd tries for Home, SAFE, no throw
|
Batting: RHB John Major
|
0-0: SINGLE (Groundball, 4) (infield hit) Manuel Pérez to third Billy Mullins to second
|
Batting: RHB Don Hooper
|
0-0: Fly out, F9 (Flyball, 9S)
|
Top of the 3rd over - 9 run(s), 6 hit(s), 0 error(s), 3 left on base; Moose Jaw 9 - La Crosse 7 |
BOTTOM OF THE 3RD |
La Crosse Loggers batting - Pitching for Moose Jaw Ghostbusters : RHP José Estrada
|
Batting: RHB Juan García
|
0-0: Called Strike 0-1: Ball 1-1: Swinging Strike 1-2: SOLO HOME RUN (Flyball, 78XD), Distance : 386 ft
|
Batting: RHB Robert Acosta
|
0-0: Ball 1-0: Ball 2-0: Ball 3-0: Called Strike 3-1: SINGLE (Line Drive, 78S)
|
Batting: RHB Aurelio Cruz
|
0-0: Ball 1-0: Foul Ball, location: 2F 1-1: Called Strike 1-2: Ball 2-2: Ball 3-2: Foul Ball, location: 2F 3-2: Foul Ball, location: 2F 3-2: Base on Balls Robert Acosta to second
|
Batting: SHB Dave Henley
|
0-0: Called Strike 0-1: Fly out, F1 (Line Drive, 13S)
|
Batting: LHB Ramón Morales
|
0-0: Ball Robert Acosta is caught stealing 3rd base Aurelio Cruz to second 1-0: Foul Ball, location: 2F 1-1: Foul Ball, location: 2F 1-2: DOUBLE (Line Drive, 9LM) Aurelio Cruz scores
|
Batting: RHB Danny Campbell
|
0-0: Called Strike 0-1: Ball 1-1: Ball 2-1: Foul Ball, location: 2F 2-2: Ball 3-2: Strikes out looking
|
Bottom of the 3rd over - 2 run(s), 3 hit(s), 0 error(s), 1 left on base; Moose Jaw 9 - La Crosse 9 |
TOP OF THE 4TH |
Moose Jaw Ghostbusters batting - Pitching for La Crosse Loggers : LHP Luis Alemán
|
Batting: LHB Will Vale
|
0-0: Ground out 4-3 (Groundball, 4)
|
Batting: RHB Juan Vázquez
|
0-0: Ball 1-0: Fly out, F7 (Flyball, 7S)
|
Batting: LHB Dave Stewart
|
0-0: Called Strike 0-1: Swinging Strike 0-2: Strikes out swinging
|
Top of the 4th over - 0 run(s), 0 hit(s), 0 error(s), 0 left on base; Moose Jaw 9 - La Crosse 9 |
BOTTOM OF THE 4TH |
La Crosse Loggers batting - Pitching for Moose Jaw Ghostbusters : RHP José Estrada
|
Batting: LHB Jeff Forsyth
|
0-0: Ball 1-0: Foul Ball, location: 2F 1-1: Ball 2-1: Ball 3-1: Called Strike 3-2: Base on Balls
|
Batting: RHB Troy Reed
|
0-0: Ball 1-0: Fly out, F8 (Line Drive, 78M)
|
Batting: SHB José González
|
0-0: Fly out, F8 (Flyball, 8RS)
|
Batting: RHB Juan García
|
0-0: Ball 1-0: Ball 2-0: Called Strike 2-1: Fly out, F9 (Flyball, 9S)
|
Bottom of the 4th over - 0 run(s), 0 hit(s), 0 error(s), 1 left on base; Moose Jaw 9 - La Crosse 9 |
TOP OF THE 5TH |
Moose Jaw Ghostbusters batting - Pitching for La Crosse Loggers : LHP Luis Alemán
|
Batting: SHB Martín Cruz
|
0-0: Ball 1-0: Foul Ball, location: 2F 1-1: SINGLE (Flyball, 9S)
|
Batting: RHB Andrew Weatherly
|
0-0: Ball 1-0: Ball 2-0: Ball 3-0: Called Strike 3-1: Base on Balls Martín Cruz to second
|
Batting: RHB Manuel Pérez
|
0-0: Called Strike 0-1: Swinging Strike 0-2: Ball 1-2: Fly out, F9 (Line Drive, 9D) Runner from 2nd tags up, SAFE at 3rd, no throw
|
Pitching: LHP Pablo Solíz
|
|
Batting: RHB Billy Mullins
|
0-0: Ball 1-0: Ball 2-0: Ball 3-0: Base on Balls Andrew Weatherly to second
|
Batting: RHB John Major
|
0-0: Ball 1-0: Ball 2-0: SINGLE (Flyball, 8LS) Martín Cruz scores Andrew Weatherly to third Billy Mullins to second Runner from 3rd tries for Home, SAFE, throw made home
|
Batting: RHB Don Hooper
|
0-0: Ball 1-0: Ball 2-0: Ball 3-0: Base on Balls Billy Mullins to third John Major to second
|
Batting: LHB Will Vale
|
0-0: Called Strike 0-1: Foul Ball, location: 2F 0-2: Strikes out looking
|
Batting: RHB Juan Vázquez
|
0-0: Ball 1-0: Foul Ball, location: 2F 1-1: Swinging Strike 1-2: Ball 2-2: SINGLE (Line Drive, 8LS) Billy Mullins scores John Major to third Don Hooper to second
|
Batting: LHB Dave Stewart
|
0-0: Ball 1-0: Ball 2-0: Foul Ball, location: 2F 2-1: Foul Ball, location: 2F 2-2: Ball 3-2: Foul Ball, location: 2F 3-2: Strikes out swinging
|
Top of the 5th over - 3 run(s), 3 hit(s), 0 error(s), 3 left on base; Moose Jaw 12 - La Crosse 9 |
BOTTOM OF THE 5TH |
La Crosse Loggers batting - Pitching for Moose Jaw Ghostbusters : RHP José Estrada
|
Batting: RHB Robert Acosta
|
0-0: Ground out 5-3 (Groundball, 56)
|
Batting: RHB Aurelio Cruz
|
0-0: Ball 1-0: SINGLE (Groundball, 56D)
|
Pitching: RHP Bill Jones
|
|
Batting: SHB Dave Henley
|
0-0: Called Strike 0-1: Ball 1-1: Ball 2-1: Ball 3-1: Called Strike 3-2: Base on Balls Aurelio Cruz to second
|
Batting: LHB Ramón Morales
|
0-0: Swinging Strike 0-1: Foul Ball, location: 2F 0-2: Fielders Choice at 2nd, 3-6 (Groundball, 3) Aurelio Cruz to third
|
Batting: RHB Danny Campbell
|
0-0: Called Strike 0-1: Called Strike 0-2: Ball Ramón Morales steals 2nd base 1-2: Hit by Pitch
|
Batting: LHB Jeff Forsyth
|
0-0: SINGLE (Line Drive, 6D) Aurelio Cruz scores Ramón Morales to third Danny Campbell to second Runner from 3rd tries for Home, SAFE, no throw
|
Batting: RHB Troy Reed
|
0-0: Ball 1-0: Ground out U3 (Groundball, 34S)
|
Bottom of the 5th over - 2 run(s), 2 hit(s), 0 error(s), 2 left on base; Moose Jaw 12 - La Crosse 11 |
TOP OF THE 6TH |
Moose Jaw Ghostbusters batting - Pitching for La Crosse Loggers : LHP Pablo Solíz
|
Batting: SHB Martín Cruz
|
0-0: Called Strike 0-1: Foul Ball, location: 2F 0-2: Ball 1-2: Foul Ball, location: 2F 1-2: Foul Ball, location: 2F 1-2: Ball 2-2: Ball 3-2: Foul Ball, location: 2F 3-2: Foul Ball, location: 2F 3-2: SINGLE (Groundball, 6MD)
|
Batting: RHB Andrew Weatherly
|
0-0: Ball 1-0: Called Strike 1-1: Called Strike 1-2: Ball 2-2: 2-RUN HOME RUN (Flyball, 9D), Distance : 361 ft
|
Pitching: RHP Carl Willis
|
|
Batting: RHB Manuel Pérez
|
0-0: Swinging Strike 0-1: Ball 1-1: Foul Ball, location: 2F 1-2: Foul Ball, location: 2F 1-2: Strikes out swinging
|
Batting: RHB Billy Mullins
|
0-0: Ball 1-0: Swinging Strike 1-1: Called Strike 1-2: Ball 2-2: Strikes out looking
|
Batting: RHB John Major
|
0-0: Called Strike 0-1: Foul Ball, location: 2F 0-2: Ball 1-2: Foul Ball, location: 2F 1-2: Strikes out looking
|
Top of the 6th over - 2 run(s), 2 hit(s), 0 error(s), 0 left on base; Moose Jaw 14 - La Crosse 11 |
BOTTOM OF THE 6TH |
La Crosse Loggers batting - Pitching for Moose Jaw Ghostbusters : RHP Bill Jones
|
Batting: SHB José González
|
0-0: DOUBLE (Flyball, 8LXD)
|
Batting: RHB Juan García
|
0-0: Ground out 6-3 (Groundball, 6M) José González to third
|
Batting: RHB Robert Acosta
|
0-0: Foul Ball, location: 2F 0-1: SINGLE (Groundball, 56D) José González scores
|
Batting: RHB Aurelio Cruz
|
0-0: Ball Robert Acosta steals 2nd base 1-0: Ball 2-0: Foul Ball, location: 2F 2-1: Foul Ball, location: 2F 2-2: Strikes out swinging
|
Batting: SHB Dave Henley
|
0-0: Called Strike 0-1: Fly out, F7 (Flyball, 7)
|
Bottom of the 6th over - 1 run(s), 2 hit(s), 0 error(s), 1 left on base; Moose Jaw 14 - La Crosse 12 |
TOP OF THE 7TH |
Moose Jaw Ghostbusters batting - Pitching for La Crosse Loggers : RHP Carl Willis
|
Batting: RHB Don Hooper
|
0-0: Ball 1-0: Ball 2-0: Ball 3-0: Called Strike 3-1: Swinging Strike 3-2: Base on Balls
|
Batting: LHB Will Vale
|
0-0: Ball 1-0: Ball Wild Pitch! Don Hooper to second 2-0: Intentional Walk
|
Batting: RHB Juan Vázquez
|
0-0: Ball 1-0: Foul Ball, location: 2F 1-1: Foul Ball, location: 2F 1-2: Ball 2-2: Foul Ball, location: 2F 2-2: Strikes out looking
|
Batting: LHB Dave Stewart
|
0-0: Called Strike 0-1: Foul Ball, location: 2F 0-2: Ball 1-2: Ball 2-2: Ball 3-2: Base on Balls Don Hooper to third Will Vale to second
|
Pinch Hitting: RHB Paco Hernández
|
0-0: Called Strike 0-1: Called Strike 0-2: Ball 1-2: Ball 2-2: Ball 3-2: Strikes out looking
|
Pitching: RHP Michael Peterson
|
|
Batting: RHB Andrew Weatherly
|
0-0: Ball 1-0: Ball 2-0: Ball 3-0: Called Strike 3-1: Base on Balls Don Hooper scores Will Vale to third Dave Stewart to second
|
Batting: RHB Manuel Pérez
|
0-0: Ball 1-0: Foul Ball, location: 2F 1-1: Fielders Choice at 2nd, 6-4 (Groundball, 6)
|
Top of the 7th over - 1 run(s), 0 hit(s), 0 error(s), 2 left on base; Moose Jaw 15 - La Crosse 12 |
BOTTOM OF THE 7TH |
La Crosse Loggers batting - Pitching for Moose Jaw Ghostbusters : RHP Bill Jones
|
Now at SS: Nicholas Harris
|
|
Batting: LHB Ramón Morales
|
0-0: Ball 1-0: Ball 2-0: Called Strike 2-1: DOUBLE (Line Drive, 9LM)
|
Batting: RHB Danny Campbell
|
0-0: Ball 1-0: Fly out, F8 (Flyball, 78M)
|
Pitching: RHP Whit Johnson
|
|
Batting: LHB Jeff Forsyth
|
0-0: Ball 1-0: Called Strike Ramón Morales steals 3rd base 1-1: Fly out, F8 (Flyball, 78D) Runner from 3rd tags up, SCORES, no throw
|
Batting: RHB Troy Reed
|
0-0: Called Strike 0-1: Ball 1-1: Ball 2-1: Ground out 6-3 (Groundball, 6)
|
Bottom of the 7th over - 1 run(s), 1 hit(s), 0 error(s), 0 left on base; Moose Jaw 15 - La Crosse 13 |
TOP OF THE 8TH |
Moose Jaw Ghostbusters batting - Pitching for La Crosse Loggers : RHP Michael Peterson
|
Batting: RHB Billy Mullins
|
0-0: Foul Ball, location: 2F 0-1: Swinging Strike 0-2: Ball 1-2: Foul Ball, location: 2F 1-2: Ball 2-2: Foul Ball, location: 2F 2-2: Ball 3-2: Base on Balls
|
Pitching: RHP Christian Adkins
|
|
Batting: RHB John Major
|
0-0: SINGLE (Groundball, 34) (infield hit) Billy Mullins to second
|
Batting: RHB Don Hooper
|
0-0: Swinging Strike 0-1: Ball 1-1: Ball 2-1: Foul Ball, location: 2F 2-2: Strikes out looking
|
Batting: LHB Will Vale
|
0-0: Ball 1-0: DOUBLE (Line Drive, 7LM) Billy Mullins scores John Major to third Runner from 3rd tries for Home, SAFE, throw made home
|
Pitching: RHP Derrick Hall
|
|
Batting: RHB Juan Vázquez
|
0-0: Reached on error, E5 (Groundball, 56S) Will Vale scores
|
Batting: LHB Dave Stewart
|
0-0: Called Strike 0-1: Ball 1-1: Ball 2-1: Ball 3-1: Base on Balls
|
Batting: RHB Nicholas Harris
|
0-0: Grounds into double play, 6-4-3 (Groundball, 6)
|
Top of the 8th over - 3 run(s), 2 hit(s), 1 error(s), 1 left on base; Moose Jaw 18 - La Crosse 13 |
BOTTOM OF THE 8TH |
La Crosse Loggers batting - Pitching for Moose Jaw Ghostbusters : RHP Whit Johnson
|
Batting: SHB José González
|
0-0: Fly out, F7 (Line Drive, 7)
|
Batting: RHB Juan García
|
0-0: Ball 1-0: Ball 2-0: Ball 3-0: Called Strike 3-1: Foul Ball, location: 2F 3-2: Fly out, F9 (Flyball, 89S)
|
Batting: RHB Robert Acosta
|
0-0: Swinging Strike 0-1: Ball 1-1: Ground out 1-3 (Groundball, 15S)
|
Bottom of the 8th over - 0 run(s), 0 hit(s), 0 error(s), 0 left on base; Moose Jaw 18 - La Crosse 13 |
TOP OF THE 9TH |
Moose Jaw Ghostbusters batting - Pitching for La Crosse Loggers : RHP Derrick Hall
|
Batting: RHB Andrew Weatherly
|
0-0: Called Strike 0-1: Called Strike 0-2: Ball 1-2: Foul Ball, location: 2F 1-2: Fly out, F7 (Flyball, 78M)
|
Batting: RHB Manuel Pérez
|
0-0: Ground out 6-3 (Groundball, 6)
|
Batting: RHB Billy Mullins
|
0-0: Called Strike 0-1: Called Strike 0-2: Ball 1-2: SINGLE (Line Drive, 7S)
|
Batting: RHB John Major
|
0-0: Called Strike 0-1: Ball Wild Pitch! Billy Mullins to second 1-1: Fly out, F9 (Flyball, 89S)
|
Top of the 9th over - 0 run(s), 1 hit(s), 0 error(s), 1 left on base; Moose Jaw 18 - La Crosse 13 |
BOTTOM OF THE 9TH |
La Crosse Loggers batting - Pitching for Moose Jaw Ghostbusters : RHP Whit Johnson
|
Pitching: RHP Bennett Greer
|
|
Batting: RHB Aurelio Cruz
|
0-0: Called Strike 0-1: Called Strike 0-2: Ball 1-2: Ball 2-2: Foul Ball, location: 2F 2-2: Strikes out looking
|
Batting: SHB Dave Henley
|
0-0: Ball 1-0: Ground out U3 (Groundball, 34)
|
Batting: LHB Ramón Morales
|
0-0: Ball 1-0: Called Strike 1-1: Ball 2-1: Ball 3-1: Called Strike 3-2: Strikes out swinging
|
Bottom of the 9th over - 0 run(s), 0 hit(s), 0 error(s), 0 left on base; Moose Jaw 18 - La Crosse 13 |
|